 Dungeon Crawl Stone Soup version 0.29.1-1-gd02db6906a (webtiles) character file.

Game seed: 17608484076989993360

3806 sankara the Cleaver (level 10, -1/90 HPs)
             Began as a Hill Orc Fighter on Oct 13, 2022.
             Was an Initiate of Makhleb.
             Slain by a gnoll sergeant
             ... wielding a +2 trident of venom
              (10 damage)
             ... on level 9 of the Dungeon.
             The game lasted 00:17:34 (9424 turns).

sankara the Cleaver (Hill Orc Fighter)              Turns: 9424, Time: 00:17:35

Health: -1/90      AC: 11    Str: 20    XL:     10   Next: 17%
Magic:  10/10      EV: 12    Int:  8    God:    Makhleb [......]
Gold:   573        SH: 10    Dex: 14    Spells: 9/9 levels left

rFire   . . .      SeeInvis .   a - +1 war axe (vorpal)
rCold   . . .      Faith    .   c - +0 buckler
rNeg    . . .      Spirit   .   L - +1 acid dragon scales
rPois   .          Reflect  +   z - +0 helmet
rElec   .          Harm     .   h - +0 cloak
rCorr   +          Rampage  .   (no gloves)
Will    .....                   (no boots)
Stlth   +.........              B - amulet of reflection
HPRegen 0.25/turn               l - ring of flight
MPRegen 0.12/turn               (no ring)

@: flying
A: no striking features
a: Renounce Religion


You were on level 9 of the Dungeon.
You worshipped Makhleb.
Makhleb was noncommittal.
You visited 2 branches of the dungeon, and saw 10 of its levels.

You collected 573 gold pieces.

Inventory:

Hand Weapons
 a - a +1 vorpal war axe (weapon)
 b - a +0 sling
 x - a +0 war axe
Missiles
 k - 82 stones
 m - 2 throwing nets
 y - 27 poisoned darts (quivered)
 A - 4 boomerangs
 M - 6 curare-tipped darts
 N - 2 silver javelins
Armour
 c - a +0 buckler (worn)
 f - a +0 chain mail
 h - a +0 cloak (worn)
 z - a +0 helmet (worn)
 I - +0 steam dragon scales
 L - +1 acid dragon scales (worn)
Jewellery
 l - a ring of flight (left hand)
 B - an amulet of reflection (around neck)
 C - an amulet of magic regeneration
 G - an amulet of guardian spirit
 O - a +6 ring of intelligence
 P - an amulet of the acrobat
Wands
 n - a wand of flame (21)
 F - a wand of mindburst (8)
 H - a wand of iceblast (28)
Scrolls
 g - a scroll of fog {unknown}
 i - a scroll of magic mapping {unknown}
 o - a scroll of enchant weapon {unknown}
 r - 8 scrolls of identify {unknown}
 s - 2 scrolls of poison {unknown}
 u - 2 scrolls of enchant armour {unknown}
 v - 4 scrolls of teleportation {unknown}
 D - 2 scrolls of amnesia {unknown}
 J - 3 scrolls of noise {unknown}
 K - a scroll of immolation {unknown}
Potions
 d - 3 potions of might
 e - a potion of curing
 j - 3 potions of heal wounds {unknown}
 p - 2 potions of brilliance {unknown}
 q - a potion of berserk rage
 t - a potion of flight {unknown}
 w - 3 potions of mutation {unknown}
 E - a potion of magic {unknown}


   Skills:
 + Level 8.5 Fighting
 * Level 12.1 Axes
 + Level 7.8 Armour
 + Level 4.2 Dodging
 - Level 5.0 Shields


You had 9 spell levels left.
You didn't know any spells.
Your spell library contained the following spells:

 Spells                   Type           Power      Damage    Failure   Level
 Magic Dart               Conj           0%         1d3       56%         1
 Searing Ray              Conj           0%         2d4       71%         2
 Static Discharge         Conj/Air       0%         3-3/arc   71%         2
 Frozen Ramparts          Ice            0%         1d1       91%         3
 Fulminant Prism          Conj/Hex       0%         3d6       100%        4
 Ice Form                 Ice/Tmut       0%         N/A       100%        4
 Summon Ice Beast         Ice/Summ       0%         N/A       100%        4
 Lightning Bolt           Conj/Air       0%         1d11      100%        5
 Maxwell's Capacitive Co  Air            0%         ∞         100%        8


Dungeon Overview and Level Annotations

Branches:
Dungeon (9/15)             Temple (1/1) D:4
   Lair: D:8-11         Orc: D:9-12

Altars:
Ashenzari
Cheibriados
Dithmenos
Elyvilon
Fedhas
Gozag
Hepliaklqana
Kikubaaqudgha
Makhleb
Nemelex Xobeh
Okawaru
Qazlal
Ru
Sif Muna
Trog
Uskayaw
Vehumet
Wu Jian
Xom
Yredelemnul
Zin
The Shining One

Shops:
D:5 [

Annotations:
D:9 exclusion: orange crystal statue


Message History

You feel very sick. You block the gnoll sergeant's attack.
You barely miss the gnoll sergeant.
The gnoll sergeant is moderately wounded.
* * * LOW HITPOINT WARNING * * *
You feel very sick. You block the gnoll sergeant's attack.
You hit the gnoll sergeant but do no damage.
The gnoll sergeant is moderately wounded.
You feel sick. You block the gnoll sergeant's attack.
You hit the gnoll sergeant but do no damage.
The gnoll sergeant is moderately wounded.
You feel sick.
The gnoll sergeant hits you with a +2 trident of venom!
* * * LOW HITPOINT WARNING * * *
You are more poisoned.
You feel better. The gnoll sergeant barely misses you.
You hit the gnoll sergeant but do no damage.
The gnoll sergeant is moderately wounded.
The gnoll sergeant hits you with a +2 trident of venom!
* * * LOW HITPOINT WARNING * * *
You are lethally poisoned!
You feel better. You block the gnoll sergeant's attack.
You slash the gnoll sergeant!
The gnoll sergeant is severely wounded.
The gnoll sergeant hits you but does no damage.
The gnoll sergeant blocks your attack.
The gnoll sergeant is severely wounded.
The gnoll sergeant hits you with a +2 trident of venom.
* * * LOW HITPOINT WARNING * * *
The gnoll sergeant blocks your attack.
The gnoll sergeant is severely wounded.
The gnoll sergeant hits you with a +2 trident of venom!
* * * LOW HITPOINT WARNING * * *
You are lethally poisoned!
You feel better. You block the gnoll sergeant's attack.
You closely miss the gnoll sergeant.
The gnoll sergeant is severely wounded.
The gnoll sergeant hits you with a +2 trident of venom!
You die...

#####'#### #..##
##..# #####'##
##+#### #......#
#.....# #......#
#.....# #...)..#
#.....# #......#
#####))...+ #......#
#...'@g...#
#......###.###.....#
#......'..># #.....#
#......##### #.....#
#......# #######
#......# ########


You could see a gnoll sergeant.

Vanquished Creatures
  Joseph (D:8)
  Maggie (D:7)
  2 steam dragons
  An acid dragon (D:8)
  2 water moccasins
  An orc warrior (D:7)
  A sky beast (D:8)
  2 black bears
  An ice beast (D:6)
  3 ogres
  3 centaurs
  A kobold brigand (D:6)
  3 bullfrogs
  4 scorpions
  4 killer bees (D:8)
  A howler monkey (D:5)
  3 hounds
  3 orc priests
  A gnoll bouda (D:6)
  3 jellies
  4 iguanas
  8 orc wizards
  Robin (D:4)
  9 gnolls
  5 adders
  A shadow imp (D:8)
  A white imp (D:7)
  3 ufetubi
  7 dart slugs
  22 orcs
  6 bats
  9 endoplasms
  3 giant cockroaches
  16 hobgoblins
  4 quokkas
  10 ball pythons
  2 frilled lizards
  15 goblins
  10 kobolds
  3 rats
180 creatures vanquished.

Notes
Turn   | Place    | Note
-------+----------+-------------------------------------------
     0 | D:1      | sankara the Hill Orc Fighter began the quest for the Orb.
     0 | D:1      | Reached XP level 1. HP: 19/19 MP: 1/1
   125 | D:1      | Reached skill level 3 in Axes
   178 | D:1      | Reached XP level 2. HP: 27/27 MP: 2/2
   449 | D:1      | Reached XP level 3. HP: 33/33 MP: 3/3
  1167 | D:2      | Reached skill level 4 in Axes
  1404 | D:2      | Reached XP level 4. HP: 40/40 MP: 4/4
  1948 | D:3      | Reached XP level 5. HP: 47/47 MP: 5/5
  2177 | D:3      | Found a faded altar of an unknown god.
  2218 | D:3      | Identified the +0 robe of Past Mistakes {Str+2}
  2537 | D:3      | Reached skill level 5 in Axes
  2930 | D:4      | Reached XP level 6. HP: 51/55 MP: 6/6
  3264 | D:4      | Noticed Robin
  3278 | D:4      | Killed Robin
  3279 | D:4      | Reached skill level 5 in Fighting
  3291 | D:4      | Reached skill level 6 in Axes
  3529 | D:4      | Noticed a black bear
  3536 | D:4      | Killed a black bear
  3629 | D:4      | Found a staircase to the Ecumenical Temple.
  3638 | Temple   | Entered the Ecumenical Temple
  3706 | D:4      | Reached XP level 7. HP: 47/61 MP: 7/7
  3777 | D:4      | Found a broken altar of Ashenzari.
  4074 | D:4      | Found an ornate altar of the Wu Jian Council.
  4181 | D:5      | Entered Level 5 of the Dungeon
  4181 | D:5      | Found Arghotiw's Antique Armour Shoppe.
  4468 | D:5      | Reached skill level 7 in Axes
  4468 | D:5      | Reached skill level 5 in Armour
  4468 | D:5      | Reached skill level 5 in Shields
  4948 | D:5      | Reached XP level 8. HP: 65/70 MP: 8/8
  5041 | D:5      | Reached skill level 1 in Dodging
  5161 | D:5      | Identified the +5 whip of the Durable God {spect, *Rage rC+
                  | Int+2 SInv}
  5296 | D:5      | Reached skill level 8 in Axes
  6225 | D:6      | Reached skill level 9 in Axes
  6645 | D:6      | Found a hide-covered altar of Uskayaw.
  6645 | D:6      | Noticed a +0 dagger
  6646 | D:6      | Noticed a +0 dagger
  6687 | D:6      | Reached XP level 9. HP: 45/79 MP: 9/9
  6863 | D:6      | Reached skill level 10 in Axes
  7129 | D:6      | Found a hazy altar of Hepliaklqana.
  7656 | D:7      | Found a burning altar of Makhleb.
  7656 | D:7      | Noticed an Executioner
  7659 | D:7      | Noticed a hellwing
  7661 | D:7      | Became a worshipper of Makhleb the Destroyer
  7769 | D:7      | Noticed Maggie
  7777 | D:7      | Killed Maggie
  7946 | D:7      | Found a glowing silver altar of Zin.
  7953 | D:7      | Found a sparkling altar of Nemelex Xobeh.
  8283 | D:8      | Reached skill level 11 in Axes
  8500 | D:8      | Found a glowing golden altar of the Shining One.
  8503 | D:8      | Found a radiant altar of Vehumet.
  8503 | D:8      | Found a shimmering altar of Xom.
  8506 | D:8      | Found a shadowy altar of Dithmenos.
  8776 | D:8      | Reached XP level 10. HP: 63/88 MP: 10/10
  9126 | D:9      | Noticed an orange crystal statue
  9126 | D:9      | Noticed Joseph
  9140 | D:8      | Killed Joseph
  9141 | D:8      | Reached skill level 12 in Axes
  9416 | D:9      | HP: 1/90 [gnoll sergeant/+2 trident of venom (8)]
  9422 | D:9      | HP: 1/90 [gnoll sergeant/+2 trident of venom (9)]
  9424 | D:9      | Slain by a gnoll sergeant

Illustrated notes

Levels and vault maps discovered:
D:1:      dpeg_arrival_tiny_c, layout_basic
D:2:      cheibrodos_helix_gallery, layout_basic, minmay_misc_feat_doors,
          kennysheep_generic_room_4
D:3:      layout_basic, hellmonk_ecumenical_altar_pennies_from_heaven,
          grunt_ministairs_2, minmay_cut_off
D:4:      layout_gridville, nicolae_wu_jian_immortal_techniques,
          mainiacjoe_overflow_alcove_1, minmay_temple_entry_butterflies,
          uniq_robin
D:5:      layout_basic, serial_shops, nicolae_stop_n_shop_1,
          kennysheep_windowed_goal
D:6:      layout_loops_ring, worldfamousw_hep_ancestral_shrine,
          dancing_weapons_uskayaw, kennysheep_generic_room_15
D:7:      layout_loops_ring, makhleb_altar_promises_db,
          mainiacjoe_overflow_catwalk_spiral, uniq_maggie
D:8:      layout_loops_ring, grunt_temple_overflow_open
D:9:      layout_roguey, david_orc_4, minmay_statue_bubble, uniq_joseph
Temple:   hellmonk_temple_of_storms

Skill      XL: |  1  2  3  4  5  6  7  8  9 10 |
---------------+-------------------------------+-----
Axes           | 3 4 5 6 7 9 11 12 | 12.1
Fighting       | 4 5 7 8 |  8.5
Shields        | 4 5 |  5.0
Armour         | 4 5 6 7 |  7.8
Dodging        | 2 3 4 |  4.2

Action                   |  1- 3 |  4- 6 |  7- 9 | 10-12 || total
-------------------------+-------+-------+-------+-------++-------
Melee: War axe           |   113 |   150 |   255 |    32 ||   550
Throw: Dart              |       |       |     5 |       ||     5
Evoke: Wand              |       |     1 |     6 |       ||     7
  Use: Potion            |       |       |       |     4 ||     4
Armor: Scale mail        |    65 |    96 |     3 |       ||   164
       Chain mail        |       |       |    64 |       ||    64
       Acid dragon scale |       |       |    30 |    13 ||    43
Dodge: Dodged            |    61 |    85 |    79 |    13 ||   238
Block: Buckler           |    37 |    29 |   116 |    21 ||   203
       Reflection        |       |       |     1 |     2 ||     3
